Map: Catallena LE (Void)

Players

NORTHAMERICA - Winner!

  • Race: Protoss Protoss
  • League: Master
  • Spawn Location: 12:00

PigJeWnioR

  • Race: Terran Terran
  • League: Master
  • Spawn Location: 9:00

VOD

Have the link to the VOD?

Description

Time

  • Played on: July 25, 2017, 2:11 a.m.
  • Length: 12:28
Show
View Real Time Build Order
Export as new Build Order

NORTHAMERICA Protoss - Winner!

Build Orders: 1 Gate Expand, Colossus Rush 

Get SALT Encoding   

  12  0:01  Probe (Chrono Boost)  
  13  0:11  Probe (Chrono Boost)  
  14  0:18  Pylon  
  14  0:22  Probe (Chrono Boost)  
  15  0:37  Probe (Chrono Boost)  
  15  0:38  Gateway  
  16  0:47  Probe (Chrono Boost)  
  16  0:48  Assimilator  
  17  0:58  Probe (Chrono Boost)  
  18  1:08  Probe (Chrono Boost)  
  19  1:24  Nexus  
  19  1:32  Cybernetics Core  
  19  1:36  Probe (Chrono Boost)  
  20  1:44  Assimilator  
  20  1:46  Probe (Chrono Boost)  
  21  1:54  Pylon  
  21  1:57  Probe (Chrono Boost)  
  22  2:08  Probe (Chrono Boost)  
  23  2:14  Adept  
  25  2:18  Mothership Core (Chrono Boost)  
  25  2:22  Warp Gate (Chrono Boost)  
  27  2:36  Probe (Chrono Boost)  
  29  2:37  Probe (Chrono Boost)  
  29  2:46  Robotics Facility  
  29  2:47  Probe x2 (Chrono Boost)  
  31  2:58  Probe x2 (Chrono Boost)  
  33  3:07  Gateway  
  33  3:08  Probe (Chrono Boost)  
  33  3:10  Gateway  
  34  3:15  Probe (Chrono Boost)  
  34  3:19  Probe (Chrono Boost)  
  36  3:26  Probe (Chrono Boost)  
  37  3:27  Pylon  
  37  3:29  Probe (Chrono Boost)  
  38  3:36  Probe (Chrono Boost)  
  38  3:40  Probe (Chrono Boost)  
  38  3:41  Robotics Bay  
  38  3:44  Observer  
  38  3:47  Probe (Chrono Boost)  
  40  3:50  Probe (Chrono Boost)  
  41  3:57  Probe (Chrono Boost)  
  41  3:59  Probe  
  41  4:01  Pylon  
  43  4:05  Assimilator  
  43  4:08  Assimilator  
  43  4:09  Observer (Chrono Boost), Probe  
  45  4:10  Probe  
  45  4:15  Pylon  
  46  4:20  Probe  
  46  4:21  Probe  
  48  4:24  Sentry  
  48  4:25  Stalker  
  52  4:33  Probe  
  52  4:36  Gateway  
  52  4:37  Forge  
  52  4:38  Colossus (Chrono Boost)  
  53  4:41  Probe  
  60  4:54  Gateway  
  60  4:55  Pylon, Probe  
  61  5:00  Extended Thermal Lance (Chrono Boost)  
  61  5:07  Stalker  
  63  5:16  Probe  
  63  5:18  Protoss Ground Weapons Level 1 (Chrono Boost)  
  64  5:22  Pylon, Probe  
  64  5:26  Colossus  
  65  5:30  Probe  
  72  5:36  Probe  
  72  5:42  Pylon, Stalker x2  
  76  5:50  Adept x2  
  80  5:57  Twilight Council  
  80  6:07  Pylon  
  80  6:10  Nexus  
  80  6:12  Pylon, Stalker  
  80  6:13  Adept  
  80  6:17  Adept  
  86  6:18  Colossus  
  92  6:34  Stalker x2  
  92  6:37  Stalker  
  92  6:38  Probe  
  98  6:41  Adept  
  98  6:42  Adept  
  102  6:49  Blink (Chrono Boost)  
  102  6:59  Pylon  
  102  7:00  Pylon  
  102  7:07  Photon Cannon  
  102  7:09  Protoss Ground Armor Level 1 (Chrono Boost)  
  102  7:14  Pylon  
  102  7:17  Probe x2  
  102  7:20  Pylon  
  104  7:26  Colossus (Chrono Boost)  
  104  7:28  Zealot  
  114  7:30  Probe x3  
  114  7:36  Sentry  
  115  7:40  Probe  
  115  7:42  Stalker x2, Probe x2  
  122  7:47  Adept  
  122  7:48  Adept  
  122  7:51  Probe  
  126  7:54  Probe  
  126  7:55  Probe  
  126  7:57  Photon Cannon  
  129  8:02  Probe  
  129  8:04  Gateway  
  130  8:08  Probe x2  
  130  8:12  Assimilator  
  132  8:13  Disruptor (Chrono Boost)  
  132  8:14  Assimilator, Probe  
  136  8:23  Adept  
  136  8:24  Adept x2  
  140  8:29  Resonating Glaives, Probe  
  140  8:31  Pylon  
  140  8:32  Adept x2  
  145  8:46  Adept x2  
  149  8:50  Pylon  
  149  8:51  Pylon  
  149  8:52  Disruptor  
  149  8:56  Pylon  
  149  9:00  Adept x2  
  156  9:07  Protoss Ground Armor Level 2 (Chrono Boost)  
  155  9:14  Probe  
  155  9:15  Adept x2  
  160  9:27  Pylon, Adept x3  
  160  9:28  Disruptor  
  160  9:30  Pylon  
  169  9:40  Adept x2  
  169  9:41  Adept  
  169  9:44  Pylon  
  173  9:45  Nexus  
  173  9:46  Pylon  
  171  9:58  Stalker x3  
  171  9:59  Disruptor  
  175  10:03  Dark Shrine  
  178  10:12  Photon Cannon  
  178  10:20  Probe  
  179  10:22  Adept x3  
  179  10:23  Adept x3  
  191  10:30  Disruptor  
  191  10:32  Photon Cannon  
  191  10:34  Pylon  
  190  10:38  Assimilator  
  188  10:49  Adept x2  
  182  10:50  Adept x4  
  160  11:01  Disruptor  
  141  11:14  Stalker x3  
  141  11:15  Stalker x3  
  135  11:27  Mothership Core (Chrono Boost)  
  135  11:38  Dark Templar x2  
  139  11:41  Dark Templar  
  139  11:44  Stalker x3  
  147  11:53  Gateway  
  147  11:54  Gateway  
  135  12:06  Pylon  
  134  12:09  Stalker  
  134  12:10  Stalker x2, Probe (Chrono Boost)  
  134  12:11  Stalker x2  
Show
View Real Time Build Order
Export as new Build Order

PigJeWnioR Terran 

Build Orders: Command Center First (CC), MMM Bio 

Get SALT Encoding   

  12  0:00  SCV  
  13  0:13  SCV  
  14  0:18  Supply Depot  
  14  0:25  SCV  
  15  0:39  SCV  
  16  0:51  SCV  
  17  1:00  Command Center  
  17  1:03  SCV  
  18  1:16  SCV  
  18  1:17  Barracks  
  19  1:28  SCV  
  19  1:32  Barracks  
  20  1:40  SCV  
  20  1:46  Barracks  
  21  1:52  SCV  
  22  2:04  Marine  
  22  2:05  Orbital Command  
  23  2:13  Orbital Command  
  23  2:20  Marine  
  23  2:22  Marine  
  25  2:31  SCV  
  25  2:33  Marine, Refinery  
  25  2:34  Refinery  
  27  2:38  Marine  
  27  2:40  Marine, SCV  
  27  2:43  SCV  
  31  2:51  Marine  
  31  2:52  SCV  
  31  2:53  Supply Depot  
  31  2:56  Marine  
  34  2:59  SCV  
  34  3:02  Marine  
  34  3:04  SCV  
  37  3:09  Marine  
  37  3:10  Supply Depot  
  38  3:15  SCV, Marine  
  38  3:16  SCV  
  38  3:19  Marine, Factory  
  43  3:28  SCV, Barracks Tech Lab  
  43  3:29  SCV  
  43  3:32  Marine  
  45  3:37  Marine  
  45  3:40  SCV  
  45  3:41  SCV  
  48  3:47  Stimpack, Marine, Supply Depot  
  49  3:50  Marine  
  49  3:52  SCV  
  49  3:54  Supply Depot  
  49  3:55  Marine  
  52  3:58  SCV  
  53  4:04  SCV  
  53  4:06  Starport  
  53  4:08  Factory Reactor, Marine x2  
  56  4:12  Bunker  
  56  4:14  SCV  
  56  4:16  SCV  
  58  4:17  Barracks Reactor  
  58  4:23  Refinery  
  58  4:26  SCV, Marine x2, Supply Depot  
  58  4:28  SCV  
  62  4:38  SCV  
  62  4:41  SCV  
  64  4:46  Marine x2  
  64  4:50  SCV  
  67  4:52  Refinery  
  67  4:53  Medivac, SCV  
  67  4:54  Command Center  
  67  4:55  Marine x2  
  67  4:57  Factory Reactor  
  72  5:04  Marine x2  
  74  5:07  Supply Depot  
  74  5:11  Engineering Bay  
  74  5:13  Engineering Bay  
  74  5:14  Marine x2  
  76  5:22  Marine x2  
  78  5:28  Medivac x2  
  78  5:35  Widow Mine x2  
  82  5:38  Supply Depot  
  82  5:39  Supply Depot  
  82  5:41  Terran Infantry Weapons Level 1, Terran Infantry Armor Level 1  
  86  5:53  Barracks Tech Lab  
  86  5:59  Barracks x2, Marine x3  
  86  6:00  SCV x2, Supply Depot  
  91  6:10  Orbital Command  
  91  6:16  Widow Mine x2  
  91  6:17  Medivac, Marine  
  98  6:22  Combat Shields  
  98  6:26  SCV x2  
  100  6:35  Marine x3  
  100  6:36  Medivac  
  105  6:47  Barracks Reactor, Barracks Tech Lab  
  87  6:58  Marine x2  
  93  7:01  SCV x2  
  93  7:05  Marine  
  93  7:06  Marauder  
  98  7:09  Starport, Armory  
  98  7:10  Marauder, Supply Depot  
  96  7:15  Viking  
  96  7:16  Concussive Shells, Marine  
  99  7:23  Marauder, Orbital Command  
  101  7:32  Marauder, Marine x3  
  106  7:38  SCV x2  
  106  7:42  Marauder, Marine  
  111  7:46  Viking x2  
  114  7:53  Marauder, Marine x2  
  114  7:54  Marauder  
  120  8:00  Terran Infantry Weapons Level 2  
  120  8:03  Terran Infantry Armor Level 2  
  120  8:05  Marine x2  
  121  8:06  Marine  
  121  8:11  Marine x2  
  125  8:15  Marauder, Marine  
  128  8:22  Marine  
  128  8:23  Marine  
  128  8:24  Marauder  
  128  8:26  Viking x3  
  72  8:27  Viking  
  138  8:28  Marine  
  138  8:31  SCV  
  141  8:41  Terran Ship Weapons Level 1  
  141  8:43  Supply Depot x3  
  141  8:46  Supply Depot  
  141  8:49  Ghost Academy  
  141  8:50  Marauder x3  
  141  8:54  Marine x2  
  149  9:02  Marine x2, Supply Depot  
  149  9:03  Supply Depot, Viking  
  149  9:04  Viking x2  
  157  9:12  Marauder  
  157  9:13  Viking, Refinery  
  157  9:14  Marine x2  
  163  9:26  Supply Depot  
  163  9:32  Marine x5  
  163  9:33  Marine, Refinery  
  163  9:35  Viking  
  163  9:36  Ghost  
  173  9:50  Marine  
  173  9:51  Marauder  
  175  9:55  Marauder, Marine x3  
  184  10:05  Marauder  
  186  10:09  Command Center  
  186  10:12  Marine  
  186  10:13  Marauder  
  186  10:14  Medivac x2  
  187  10:19  Personal Cloaking  
  187  10:45  Liberator x3  
  154  10:51  Marine x4  
  154  10:52  Marauder  
  154  10:56  Marine  
  152  10:57  Marauder  
  161  11:09  Marine x2  
  150  11:13  Marauder  
  150  11:15  Marine  
  150  11:16  Medivac, Marauder, Marine  
  150  11:18  Marine  
  122  11:27  Marine x2  
  122  11:30  Factory Tech Lab  
  122  11:33  Barracks  
  122  11:34  Marauder  
  122  11:35  Marine  
  122  11:36  Barracks, Marauder  
  122  11:37  Barracks  
  122  11:38  Marauder  
  127  11:41  Marine  
  127  11:56  Marauder  
  99  12:02  Marauder, Marine x4  
Tags
 
Add a new tag
Caveats
  • Supply blocks, unpowered buildings, or Contaminate may cause inaccurate times.
  • Supply counts are checked every 10 seconds.